 Dungeon Crawl Stone Soup version 0.19.5 (webtiles) character file.

98 Denreik the Skirmisher (level 5, -12/43 HPs)
             Began as a Formicid Chaos Knight on Mar 15, 2017.
             Mangled by a gargoyle
             ... wielding a +0 mace
              (16 damage)
             ... on level 11 of the Dungeon.
             The game lasted 00:04:53 (793 turns).

Denreik the Skirmisher (Formicid Chaos Knight)       Turns: 793, Time: 00:04:53

Health: -12/43     AC:  7    Str: 16    XL:     5   Next: 0%
Magic:  5/5        EV: 11    Int: 12    God:    Xom [.*....]
Gold:   20         SH:  0    Dex: 11    Spells: 0 memorised, 4 levels left

rFire  . . .     SeeInvis +     a - +0 falchion (chaos)
rCold  . . .     Gourm    .     b - +2 leather armour
rNeg   . . .     Faith    .     (no shield)
rPois  .         Spirit   .     (helmet unavailable)
rElec  .         Reflect  .     (no cloak)
rCorr  .         Harm     .     (no gloves)
MR     .....                    (no boots)
Stlth  +.........               (no amulet)
                                (no ring)
                                i - +2 ring of protection

@: lethally poisoned (-12 -> -14)
A: permanent stasis, dig shafts and tunnels, four strong arms, antennae 3
a: Dig, Shaft Self, Renounce Religion


You were on level 11 of the Dungeon.
You worshipped Xom.
You were a plaything of Xom.
You were near starving.

You visited 1 branch of the dungeon, and saw 8 of its levels.

You collected 20 gold pieces.

Inventory:

Hand Weapons
 a - a +0 falchion of chaos (weapon)
Armour
 b - a +2 leather armour (worn)
 d - a +0 chain mail
 e - a +0 pair of gloves
 j - a +0 leather armour
Jewellery
 i - a +2 ring of protection (left hand)
Scrolls
 f - a scroll of remove curse {unknown}
 g - a scroll of enchant weapon {unknown}
 k - a scroll of random uselessness {unknown}
Comestibles
 c - a bread ration


   Skills:
 + Level 4.4 Fighting
 + Level 4.0 Long Blades
 + Level 2.9 Armour
 + Level 1.1 Dodging


You had 4 spell levels left.
You didn't know any spells.

Dungeon Overview and Level Annotations

Branches:
Dungeon (10/15)
 Temple: D:4-7         Lair: D:8-11         Orc: D:9-12

Altars:


Innate Abilities, Weirdness & Mutations

You are under a permanent stasis effect.
You can dig through walls and to a lower floor.
Your four strong arms can wield two-handed weapons with a shield.
You have a pair of large antennae on your head. (SInv)


Message History

The howler monkey hoots and howls with incredible vigour!
The vampire mumbles some strange words.
The vampire flickers and vanishes for a moment.
The howler monkey hits your ufetubus.
Your ufetubus hits the howler monkey.
The howler monkey dies!
Your Long Blades skill increases to level 4!
You have reached level 5!
You hear a shout!
Found 18 stones and 12 gold pieces.
It was a potion of cure mutation.
It has a very clean taste.
Xom thinks this is hilarious!
The worker ant bites your ufetubus but does no damage.
Your ufetubus hits the worker ant but does no damage. x2
The vampire hits your ufetubus!
Your ufetubus dies!
Are you sure you want to shaft yourself?
You are near starving!
The gargoyle hits you with a mace!
You die...
Xom thinks this is hilarious!

.$# .(# ..#
##..### {
...[.. #...##
##....#
#.9...###
#{#@#..... #
#r##5##..###.##
.(.
#.##........
#.#{
#a##...##.# ...
#V........# ###
#..s#.a#.###
##.##....#
...#....##
#####.#..#


You could see a vampire (invisible), a gargoyle, a scorpion, a worker ant and a
friendly ufetubus.

Vanquished Creatures
  A killer bee (D:9)
  A worker ant (D:4)
  An adder (D:4)
3 creatures vanquished.

Vanquished Creatures (collateral kills)
  A howler monkey (D:11)
1 creature vanquished.

Vanquished Creatures (others)
  2 worker ants (D:4)
2 creatures vanquished.

Grand Total: 6 creatures vanquished

Notes
Turn   | Place    | Note
-------+----------+-------------------------------------------
     0 | D:1      | Denreik the Formicid Chaos Knight began the quest for the Orb.
     0 | D:1      | Reached XP level 1. HP: 18/18 MP: 1/1
    45 | D:1      | You fall through a shaft!
    52 | D:2      | You fall through a shaft for 2 floors!
    62 | D:4      | Reached XP level 2. HP: 19/24 MP: 2/2
   122 | D:4      | XOM: potion effect (agility)
   129 | D:4      | XOM: divine lightning (protected)
   148 | D:4      | HP: 1/24 [poisoned by a worker ant]
   326 | D:4      | XOM: butterfly on damage
   331 | D:4      | Reached XP level 3. HP: 12/30 MP: 3/3
   513 | D:4      | You fall through a shaft for 2 floors!
   524 | D:6      | You fall through a shaft!
   538 | D:7      | You fall through a shaft for 2 floors!
   538 | D:9      | Noticed a killer bee
   542 | D:9      | XOM: potion effect (might)
   543 | D:9      | Killed a killer bee
   543 | D:9      | Reached skill level 1 in Dodging
   543 | D:9      | Reached XP level 4. HP: 20/38 MP: 4/4
   755 | D:10     | Entered Level 10 of the Dungeon
   755 | D:10     | Noticed a water moccasin
   759 | D:10     | XOM: cast spell 'Leda's Liquefaction'
   764 | D:10     | XOM: harmless Erth miscast
   765 | D:10     | XOM: harmless Tmut miscast
   771 | D:10     | You fall through a shaft!
   776 | D:11     | Noticed a vampire
   786 | D:11     | XOM: summons 2 friendly demons
   788 | D:11     | Noticed a gargoyle
   790 | D:11     | Reached XP level 5. HP: 3/43 MP: 5/5
   793 | D:11     | Mangled by a gargoyle

Skill      XL: |  1  2  3  4 |
---------------+-------------+-----
Fighting       | 4 |  4.4
Dodging        | 1 |  1.1
Long Blades    | 4 |  4.0
Armour         | |  2.9

Action                   |  1- 3 |  4- 6 || total
-------------------------+-------+-------++-------
Melee: Falchion          |    15 |     8 ||    23
 Abil: Shaft Self        |     5 |     2 ||     7
       Dig               |       |     1 ||     1
  Use: Potion            |       |     1 ||     1
  Eat: Chunk             |       |     1 ||     1
Armor: Leather armour    |     6 |     2 ||     8
Dodge: Dodged            |    15 |     8 ||    23
       Rpst.: Falchion   |     1 |     1 ||     2
